 Dungeon Crawl Stone Soup version 0.20.0-6-gd3061e9 (webtiles) character file.

99 SedStubbie the Digger (level 4, 0/33 HPs)
             Began as a Demigod Earth Elementalist on May 28, 2017.
             Slain by a river rat (10 damage)
             ... on level 3 of the Dungeon.
             The game lasted 00:05:41 (1652 turns).

SedStubbie the Digger (Demigod Earth Elementalist)  Turns: 1652, Time: 00:05:43

Health: 0/33       AC:  2    Str: 11    XL:     4   Next: 22%
Magic:  1/10       EV: 12    Int: 21    God:
Gold:   100        SH:  0    Dex: 16    Spells: 7/8 levels left

rFire    . . .     SeeInvis .   (no weapon)
rCold    . . .     Gourm    .   (no shield)
rNeg     . . .     Faith    .   c - +0 robe
rPois    .         Spirit   .   (no helmet)
rElec    .         Reflect  .   (no cloak)
rCorr    .         Harm     .   (no gloves)
MR       .....                  (no boots)
Stlth    +.........             k - amulet of magic regeneration
Regen    0.2/turn               (no ring)
MPRegen  0.2/turn               (no ring)

@: lethally poisoned (0 -> -1), very slow
A: high mp 1
a: no special abilities


You were on level 3 of the Dungeon.
You were hungry.

You visited 1 branch of the dungeon, and saw 3 of its levels.

You collected 100 gold pieces.

Inventory:

Missiles
 b - 8 stones (quivered)
Armour
 c - a +0 robe (worn)
Jewellery
 k - an amulet of magic regeneration (around neck)
Scrolls
 a - 3 scrolls of remove curse {unknown}
 f - a scroll of teleportation {unknown}
 g - a scroll of identify {unknown}
 h - a scroll of enchant armour {unknown}
 j - a scroll of blinking {unknown}
 m - a scroll of fear {unknown}
 q - 2 scrolls of amnesia {unknown}
Potions
 i - a potion of haste
Books
 e - a book of Geomancy

   Spells                             Type                      Level
   a - Sandblast                      Earth                        1
   b - Passwall                       Transmutation/Earth          2
   c - Stone Arrow                    Conjuration/Earth            3
   d - Petrify                        Transmutation/Earth          4
   e - Lee's Rapid Deconstruction     Earth                        5
 n - a book of Changes

   Spells                             Type                      Level
   a - Beastly Appendage              Transmutation                1
   b - Sticks to Snakes               Transmutation                2
   c - Spider Form                    Transmutation/Poison         3
   d - Ice Form                       Ice/Transmutation            4
   e - Blade Hands                    Transmutation                5
Comestibles
 d - 3 bread rations
 l - a fruit
 o - 3 chunks of flesh
 p - a meat ration


   Skills:
 - Level 1.7 Dodging
 - Level 1.7 Stealth
 + Level 2.6 Spellcasting
   Level 0.8 Transmutations
 * Level 4.2 Earth Magic


You had 7 spell levels left.
You knew the following spells:

 Your Spells              Type           Power        Failure   Level  Hunger
a - Sandblast             Erth           ###...       2%          1    None


Dungeon Overview and Level Annotations

Branches:
Dungeon (3/15)


Innate Abilities, Weirdness & Mutations

You have an increased reservoir of magic. (+10% MP)


Message History

Casting: Sandblast
Confirm with . or Enter, or press ? or * to list all spells.
Aiming: Sandblast
Press: ? - help, Shift-Dir - straight line, f/p - river rat
Aim: a river rat (severely wounded)
The blast of sand misses the river rat.
b - 8 stones The river rat closely misses you.
Casting: Sandblast
Confirm with . or Enter, or press ? or * to list all spells.
You don't have enough magic to cast that spell.
Unknown command.
Casting: Sandblast
Confirm with . or Enter, or press ? or * to list all spells.
You don't have enough magic to cast that spell.
The rat bites you. The river rat bites you.
You feel sick.
The rat splashes around in the water.
The rat bites you but does no damage. The river rat bites you!
You die...

############.#### .##
##........†......# ..#
#..........##.##.##..#
#.....≈.....#.##.##..#
#.≈.≈≈≈≈≈............#
#≈≈#≈#≈######.##.##..###.
#≈≈≈≈≈≈≈≈≈###............
#########≈#......#<..###
#≈≈Sr@≈#######.....#
#≈#†#### #.....# #≈#≈≈≈≈#
#[....# #≈#≈##≈#
#####...## #≈#≈≈ #
......#..#### #≈##≈
#####........ ≈≈ ≈#
###..#### #≈ ≈# ######..#
## ........#


You could see an adder and a river rat.

Vanquished Creatures
  A river rat (D:3)
  3 adders
  3 worms
  5 dart slugs
  2 leopard geckos
  3 ball pythons
  3 bats
  3 giant cockroaches
  5 goblins
  4 hobgoblins
  6 kobolds
  A frilled lizard (D:1)
  6 rats
45 creatures vanquished.

Notes
Turn   | Place    | Note
-------+----------+-------------------------------------------
     0 | D:1      | SedStubbie the Demigod Earth Elementalist began the quest for the Orb.
     0 | D:1      | Reached XP level 1. HP: 14/14 MP: 5/5
   242 | D:1      | Reached skill level 3 in Earth Magic
   338 | D:1      | Reached XP level 2. HP: 20/20 MP: 2/7
   807 | D:2      | Reached XP level 3. HP: 7/26 MP: 5/9
  1634 | D:3      | Reached skill level 4 in Earth Magic
  1637 | D:3      | Reached XP level 4. HP: 22/33 MP: 2/10
  1652 | D:3      | Slain by a river rat

Skill      XL: |  1  2  3 |
---------------+----------+-----
Earth Magic    | 3 4 |  4.2
Spellcasting   | 2 |  2.6
Dodging        | |  1.7
Stealth        | |  1.7
Transmutations | |  0.8

Action                   |  1- 3 |  4- 6 || total
-------------------------+-------+-------++-------
Melee: Unarmed           |    36 |       ||    36
 Cast: Sandblast         |    62 |     6 ||    68
  Use: Potion            |     3 |       ||     3
  Eat: Chunk             |     2 |       ||     2
Armor: Robe              |    10 |     1 ||    11
Dodge: Dodged            |    35 |     2 ||    37
